 Dungeon Crawl Stone Soup version 0.28.0-45-g0d030f2227 (webtiles) character file.

Game seed: 13765935522765980160

122 Iusername the Covered (level 4, 0/41 HPs)
             Began as a Minotaur Fighter on Apr 7, 2022.
             Slain by an orc priest
             ... wielding a +2 whip of flaming
              (1 damage)
             ... on level 3 of the Dungeon.
             The game lasted 00:06:52 (2755 turns).

Iusername the Covered (Minotaur Fighter)            Turns: 2755, Time: 00:06:53

Health: 0/41       AC: 10    Str: 22    XL:     4   Next: 78%
Magic:  3/3        EV: 10    Int:  5    God:
Gold:   75         SH:  0    Dex: 10    Spells: 3/3 levels left

rFire   . . .      SeeInvis .   d - +4 quarterstaff (chaos)
rCold   . . .      Faith    .   (shield currently unavailable)
rNeg    . . .      Spirit   .   b - +0 scale mail
rPois   .          Reflect  .   (helmet restricted)
rElec   .          Harm     .   l - +2 cloak {Will+}
rCorr   .          Rampage  .   (no gloves)
Will    +....                   (no boots)
Stlth   ..........              (no amulet)
HPRegen 0.13/turn               (no ring)
MPRegen 0.08/turn               (no ring)

@: no status effects
A: horns 2, retaliatory headbutt
a: no special abilities


You were on level 3 of the Dungeon.
You visited 1 branch of the dungeon, and saw 3 of its levels.

You collected 75 gold pieces.

Inventory:

Hand Weapons
 a - a +0 long sword
 d - a +4 quarterstaff of chaos (weapon)
Missiles
 h - 4 curare-tipped darts (quivered)
Armour
 b - a +0 scale mail (worn)
 c - a +0 buckler
 l - a +2 cloak of willpower (worn)
Scrolls
 f - a scroll of identify {unknown}
 g - a scroll of enchant weapon {unknown}
Potions
 e - a potion of heal wounds {unknown}
 i - a potion of cancellation {unknown}
 j - a potion of haste {unknown}
 k - 2 potions of ambrosia {unknown}
 m - a potion of curing {unknown}


   Skills:
 + Level 4.4 Fighting
 + Level 4.0 Long Blades
 + Level 0.4 Staves
 + Level 4.5 Armour
 + Level 1.4 Dodging
 + Level 0.1 Stealth
 + Level 3.8 Shields


You had 3 spell levels left.
You didn't know any spells.
Your spell library was empty.

Dungeon Overview and Level Annotations

Branches:
Dungeon (3/15)

Altars:


Innate Abilities, Weirdness & Mutations

You have a pair of horns on your head.
You reflexively headbutt those who attack you in melee.


Message History

You closely miss the orc.
The orc priest mumbles some strange prayers to Beogh against you.
Beogh smites you! The orc closely misses you.
You hit the orc.
You kill the orc!
The orc priest mumbles some strange prayers to Beogh against you.
Beogh smites you!
You barely miss the orc. You headbutt the orc!
You kill the orc!
The orc wizard hits you but does no damage.
Items here: )) [ †.
You closely miss the orc wizard. The orc wizard barely misses you.
You furiously retaliate!
You headbutt the orc wizard!
The orc priest looks satisfied for a moment.
You miss the orc wizard.
The orc wizard is severely wounded.
The orc wizard hits you but does no damage.
You hit the orc wizard. You burn the orc wizard.
You kill the orc wizard!
The orc priest hits you with a +2 whip of flaming.
The orc priest burns you.
Your Long Blades skill increases to level 4!
You barely miss the orc priest.
The orc priest hits you but does no damage.
You sock the orc priest! You burn the orc priest.
Your headbutt misses the orc priest.
The orc priest is heavily wounded.
The orc priest invokes the aid of Beogh against you.
Beogh smites you!
* * * LOW HITPOINT WARNING * * *
You hit the orc priest. You freeze the orc priest.
Your headbutt misses the orc priest.
The orc priest is almost dead.
The orc priest casts a cantrip, but nothing happens. x2
You completely miss the orc priest. Your headbutt misses the orc priest.
The orc priest is almost dead.
The orc priest hits you with a +2 whip of flaming.
* * * LOW HITPOINT WARNING * * *
The orc priest burns you.
You die...

## #.......# #.####.## #.#
#.# #.# #.# #.# #.# ### #.#
#.# ... #.# #.# ###
+###########.####.#
......o@..##......#
##################.######..#
...............# #.# #..#
#######........# #.# #..#
...#....######## #.# #..#
#.##.#..# #.# #..# #.#..#
#.######..# #.#..#
#.........# #.#..#
#########)#


You could see an orc priest.

Vanquished Creatures
  A centaur skeleton (D:2)
  Crazy Yiuf (D:2)
  An orc wizard (D:3)
  A dart slug (D:1)
  2 orcs (D:3)
  4 ball pythons
  An endoplasm (D:1)
  2 giant cockroaches
  6 goblins
  3 hobgoblins
  2 jackals (D:1)
  3 quokkas
  4 bats
  2 kobolds
  5 rats
38 creatures vanquished.

Vanquished Creatures (others)
  A plant (D:1)
1 creature vanquished.

Grand Total: 39 creatures vanquished

Notes
Turn   | Place    | Note
-------+----------+-------------------------------------------
     0 | D:1      | Iusername the Minotaur Fighter began the quest for the Orb.
     0 | D:1      | Reached XP level 1. HP: 19/19 MP: 0/0
   347 | D:1      | Reached XP level 2. HP: 21/27 MP: 1/1
  1178 | D:2      | Reached XP level 3. HP: 31/33 MP: 2/2
  1370 | D:2      | Found a runed translucent door.
  1371 | D:2      | Noticed Crazy Yiuf
  1379 | D:2      | Killed Crazy Yiuf
  1845 | D:2      | Reached skill level 1 in Dodging
  1845 | D:2      | Reached XP level 4. HP: 41/41 MP: 3/3
  2753 | D:3      | HP: 2/41 [orc priest/divine providence (13)]
  2755 | D:3      | Slain by an orc priest

Illustrated notes

Levels and vault maps discovered:
D:1:      scummos_arrival_simple_crosswalls, layout_loops_ring, serial_forest,
          infiniplex_forest_clump_C, infiniplex_forest_straight_2,
          infiniplex_forest_straight_2, infiniplex_forest_lined_1,
          infiniplex_forest_lined_room_, infiniplex_forest_clump_small,
          infiniplex_forest_clump_curved
D:2:      layout_loops_ring, dk_noncrumbling_2, uniq_crazy_yiuf_cottage
D:3:      layout_basic

Skill      XL: |  1  2  3  4 |
---------------+-------------+-----
Fighting       | 4 |  4.4
Armour         | 4 |  4.5
Long Blades    | 3 4 |  4.0
Dodging        | 1 |  1.4
Staves         | |  0.4
Stealth        | |  0.1
Shields        | |  3.8

Action                   |  1- 3 |  4- 6 || total
-------------------------+-------+-------++-------
Melee: Long sword        |    67 |       ||    67
       Headbutt          |     8 |     2 ||    10
       Quarterstaff      |     3 |    23 ||    26
  Use: Potion            |     1 |       ||     1
Armor: Scale mail        |    45 |    10 ||    55
Dodge: Dodged            |    36 |     8 ||    44
Block: Buckler           |    11 |       ||    11
